 Dungeon Crawl Stone Soup version 0.24.0-13-gcf9b3192b9 (webtiles) character file.

Game seed: 5397380537006455327, levelgen mode: deterministic

113024 Froggeryz the Bludgeoner (level 16, -1/103 HPs)
             Began as a Gargoyle Gladiator on Nov 9, 2019.
             Was the Champion of Okawaru.
             Killed from afar by Nikola (13 damage)
             ... with a chain lightning
             ... on level 3 of the Snake Pit on Nov 10, 2019.
             The game lasted 00:57:47 (30150 turns).

Froggeryz the Bludgeoner (Gargoyle Gladiator)      Turns: 30150, Time: 00:57:48

Health: -1/103     AC: 43    Str: 24    XL:     16   Next: 62%
Magic:  11/16      EV:  8    Int: 12    God:    Okawaru [******]
Gold:   2413       SH: 15    Dex: 12    Spells: 15/15 levels left

rFire    + . .     SeeInvis +   w - +4 demon whip (venom)
rCold    + + .     Gourm    .   L - +0 shield
rNeg     + . .     Faith    .   j - +8 plate armour "Qeefeoka" {-Cast +Inv rF+ rC+}
rPois    ∞         Spirit   .   V - +2 helmet {SInv}
rElec    +         Reflect  .   S - +1 cloak {MR+}
rCorr    .         Harm     .   y - +2 pair of gloves {Str+3}
MR       +++..     NoCast   +   (no boots)
Stlth    ..........             u - amulet of the acrobat
HPRegen  0.27/turn              c - ring "Utisoit" {Wiz rElec rC+ Slay+3}
MPRegen  0.15/turn              g - ring of protection from magic

@: flying
A: big wings, negative energy resistance 1, electricity resistance, unbreathing,
petrification resistance, rot immunity, AC +12
a: Stop Flying, Heroism, Finesse, Renounce Religion, Evoke Invisibility


You were on level 3 of the Snake Pit.
You worshipped Okawaru.
Okawaru was exalted by your worship.
You were not hungry.

You visited 5 branches of the dungeon, and saw 25 of its levels.

You collected 2413 gold pieces.

Inventory:

Hand Weapons
 p - a +0 morningstar of holy wrath
 w - a +4 demon whip of venom (weapon)
Missiles
 d - 3 throwing nets (quivered)
 o - 8 javelins
 t - 6 atropa-tipped darts
Armour
 j - the +8 plate armour "Qeefeoka" (worn) {-Cast +Inv rF+ rC+}
   (Okawaru gifted it to you on level 5 of the Lair of Beasts)

   It protects you from fire.
   It protects you from cold.
   It lets you turn invisible.
   It prevents spellcasting.
 y - a +2 pair of gloves of strength (worn)
 H - a +1 helmet of intelligence
 L - a +0 shield (worn)
 O - a scarf of resistance
 S - a +1 cloak of magic resistance (worn)
 V - a +2 helmet of see invisible (worn)
Jewellery
 c - the ring "Utisoit" (left hand) {Wiz rElec rC+ Slay+3}
   (You found it on level 6 of the Lair of Beasts)

   [ring of wizardry]

   It improves your spell success rate.
   It affects your accuracy and damage with ranged weapons and melee attacks
   (+3).
   It protects you from cold.
   It insulates you from electricity.
 e - an uncursed ring of protection from cold
 g - a ring of protection from magic (right hand)
 r - a +2 ring of slaying
 u - an amulet of the acrobat (around neck)
 G - an uncursed ring of protection from fire
 T - an uncursed ring of wizardry {unknown}
Wands
 s - a wand of acid (1)
 v - a wand of disintegration (13)
 C - a wand of scattershot (5)
 D - a wand of clouds (3)
 F - a wand of enslavement (18)
 J - a wand of flame (36)
 Q - a wand of paralysis (7)
 R - a wand of iceblast (9)
Scrolls
 k - 14 scrolls of remove curse
 l - 11 scrolls of identify
 m - 3 scrolls of enchant armour
 n - 6 scrolls of amnesia
 x - a scroll of blinking
 z - 2 scrolls of magic mapping
 A - 4 scrolls of fear
 B - 6 scrolls of enchant weapon
 E - 2 scrolls of summoning
 K - 2 scrolls of teleportation
Potions
 a - 2 potions of curing
 b - a potion of heal wounds
 h - 3 potions of haste
 i - 3 potions of lignification
 q - 2 potions of ambrosia
 I - 2 potions of magic
 M - a potion of brilliance
 N - 4 potions of mutation {unknown}
Miscellaneous
 P - a phantom mirror
Comestibles
 f - 37 rations


   Skills:
 - Level 12.6 Fighting
 + Level 19.4 Maces & Flails
 - Level 1.7 Throwing
 + Level 8.5 Armour
 - Level 2.4 Dodging
 - Level 16.5 Shields


You had 15 spell levels left.
You didn't know any spells.
Your spell library contained the following spells:

 Spells                   Type           Power        Failure   Level  Hunger
 Animate Skeleton         Necr           N/A          82%         1    ##.....
 Flame Tongue             Conj/Fire      #....        82%         1    ##.....
 Magic Dart               Conj           #...         82%         1    ##.....
 Pain                     Necr           #...         82%         1    ##.....
 Sandblast                Erth           #.....       82%         1    ##.....
 Shock                    Conj/Air       #...         82%         1    ##.....
 Passwall                 Tmut/Erth      #.......     91%         2    ###....
 Searing Ray              Conj           #.....       91%         2    ###....
 Swiftness                Chrm/Air       #.......     91%         2    ###....
 Throw Flame              Conj/Fire      #.....       91%         2    ###....
 Conjure Flame            Conj/Fire      #.......     99%         3    ####...
 Dazzling Spray           Conj/Hex       #.....       99%         3    ####...
 Inner Flame              Hex/Fire       #.......     99%         3    ####...
 Regeneration             Chrm/Necr      #.........   99%         3    ####...
 Static Discharge         Conj/Air       #.......     99%         3    ####...
 Stone Arrow              Conj/Erth      #.....       99%         3    ####...
 Vampiric Draining        Necr           #.........   99%         3    ####...
 Airstrike                Air            #.........   100%        4    #####..
 Animate Dead             Necr           N/A          100%        4    #####..
 Force Lance              Conj/Tloc      #.......     100%        4    #####..
 Fulminant Prism          Conj/Hex       #.........   100%        4    #####..
 Iskenderun's Mystic Bla  Conj           #.......     100%        4    #####..
 Petrify                  Tmut/Erth      #.......     100%        4    #####..
 Sticky Flame             Conj/Fire      #.......     100%        4    #####..
 Fireball                 Conj/Fire      #.........   100%        5    ######.
 Lee's Rapid Deconstruct  Erth           #.........   100%        5    ######.
 Lightning Bolt           Conj/Air       #.........   100%        5    ######.
 Ignition                 Fire           #.........   100%        8    #######
 Shatter                  Erth           #.........   100%        9    #######
 Tornado                  Air            #.........   100%        9    #######


Dungeon Overview and Level Annotations

Branches:
Dungeon (13/15)            Temple (1/1) D:6            Lair (6/6) D:11
 Shoals (0/4) Lair:3        Snake (3/4) Lair:3        Slime (0/5) Lair:5
    Orc (2/2) D:10            Elf (0/3) Orc:2        Vaults (0/5) D:13

Altars:
Ashenzari
Cheibriados
Dithmenos
Elyvilon
Fedhas
Gozag
Hepliaklqana
Kikubaaqudgha
Makhleb
Nemelex Xobeh
Okawaru
Qazlal
Ru
Sif Muna
Trog
Uskayaw
Vehumet
Wu Jian
Xom
Yredelemnul
Zin
The Shining One
Beogh

Shops:
D:13 (   Orc:2 [([[   Snake:1 *:

Annotations:
Lair:5 exclusion: 2 oklob plants
Snake:3 Nikola


Innate Abilities, Weirdness & Mutations

You are resistant to torment.
Your stone body is resilient. (AC +12)
You are immune to poison.
Your large and strong wings let you fly indefinitely.
You resist negative energy. (rN+)
You are resistant to electric shocks. (rElec)
You can survive without breathing.
You are immune to petrification.
You are immune to rotting.


Message History

The lightning arc hits the black mamba!!
The black mamba dies!
You hear an angry hiss. x3
You barely miss Nikola.
Nikola is severely wounded.
You whack Nikola!
Nikola is severely wounded.
You block Nikola's attack.
You whack Nikola!
Nikola looks as sick as possible!
Nikola is severely wounded.
You thrash Nikola!!
Nikola looks as sick as possible!
Nikola is almost dead.
Nikola gestures wildly while chanting.
You hear a mighty clap of thunder!
The lightning arc hits you! You resist.
* * * LOW HITPOINT WARNING * * *
The lightning arc hits Nikola!
The lightning arc hits you! You resist.
* * * LOW HITPOINT WARNING * * *
The lightning arc hits Nikola.
The lightning arc hits you! You resist.
You die...

...# .# ..
.N.N........
......##.... .......
#.#.# #...N.#
....########
....######..†.#....#
#...........#.)....#
...## ###...)@<..#
#......)@###
#..........#
#..........#
.............#
##...####....# #.#.
#....# ..... .....#
##... ..###


You could see Nikola.

Vanquished Creatures
  Jorgrun (D:13)
  Nessos (D:12)
  The ghost of Motwaexy the Fighter, a journeyman OgWz of Vehumet (D:11)
  8 vault guards (D:13)
  8 hydras
  2 naga warriors
  Harold (D:7)
  2 centaur warriors
  A two-headed ogre (D:13)
  A catoblepas (Lair:6)
  4 shock serpents
  3 orc high priests (Orc:2)
  3 death yaks (Lair:6)
  An unseen horror (D:10)
  4 naga ritualists
  2 sea snakes (Snake:1)
  An obsidian statue (D:12)
  A deep elf archer (D:12)
  5 orc sorcerers (Orc:2)
  5 orc knights
  2 mana vipers (Snake:1)
  An ugly thing (D:11)
  4 manticores
  23 elephants
  A guardian serpent (Snake:1)
  6 naga magi
  4 salamanders
  3 merfolk sirens (Lair:3)
  Maurice (Orc:2)
  6 cyclopes
  10 spiny frogs
  A torpor snail (Lair:2)
  29 black mambas
  Psyche (D:8)
  A gargoyle (D:12)
  2 rime drakes (Lair:5)
  A kobold demonologist (D:13)
  7 komodo dragons
  A tengu conjurer (D:12)
  8 trolls
  12 polar bears
  A queen bee (D:9)
  A merfolk (Lair:3)
  14 blink frogs
  7 dream sheep
  3 raiju (Lair:6)
  6 slime creatures
  8 hippogriffs
  A hornet (D:12)
  10 spriggans (Lair:1)
  40 yaks
  A spriggan (shapeshifter) (D:13)
  2 wraiths (D:12)
  3 basilisks
  7 wyverns
  Grum (D:9)
  Eustachio (D:6)
  4 hungry ghosts
  5 vampire mosquitoes
  10 nagas (Snake:2)
  8 wargs
  14 water moccasins
  14 hell hounds (Lair:6)
  9 porcupines
  20 orc warriors
  A hornet zombie (D:6)
  6 ice beasts
  4 sky beasts
  14 black bears
  6 ogres
  2 eyes of draining
  26 wolves
  A phantom (D:10)
  7 centaurs
  7 big kobolds
  16 crocodiles
  11 bullfrogs
  3 scorpions
  28 killer bees
  22 wights
  An electric eel (Snake:1)
  11 howler monkeys
  8 crimson imps
  5 jellies
  3 quasits
  2 centaur zombies
  Crazy Yiuf (D:5)
  7 hounds
  20 orc wizards
  23 orc priests
  2 bullfrog skeletons
  2 iguanas
  6 centaur skeletons
  14 worker ants
  4 hell rats (Lair:4)
  A worker ant zombie (D:11)
  6 gnolls
  12 adders
  2 shadow imps
  An adder skeleton (D:8)
  9 worms
  5 dart slugs
  9 leopard geckos
  97 orcs
  4 giant cockroaches
  3 goblins
  11 hobgoblins
  17 jackals
  7 quokkas
  2 ball pythons
  13 bats
  4 frilled lizards
  22 kobolds
  A quokka skeleton (D:9)
  10 rats
868 creatures vanquished.

Vanquished Creatures (others)
  Asterion (Snake:3)
  A black mamba (Snake:3)
  2 nagas (Snake:3)
  An orc priest (D:11)
  4 orcs (D:11)
  A bush (Lair:6)
  13 fungi
  27 plants
50 creatures vanquished.

Grand Total: 918 creatures vanquished

Notes
Turn   | Place    | Note
-------+----------+-------------------------------------------
     0 | D:1      | Froggeryz the Gargoyle Gladiator began the quest for the
                  | Orb.
     0 | D:1      | Reached XP level 1. HP: 12/12 MP: 1/1
   150 | D:1      | Reached XP level 2. HP: 8/17 MP: 2/2
   390 | D:1      | Found a glowing golden altar of the Shining One.
   636 | D:1      | Reached skill level 4 in Maces & Flails
   916 | D:1      | Reached XP level 3. HP: 4/21 MP: 3/3
  1461 | D:2      | Reached XP level 4. HP: 17/26 MP: 4/4
  1630 | D:2      | Reached skill level 5 in Maces & Flails
  2268 | D:3      | Reached XP level 5. HP: 29/30 MP: 5/5
  2970 | D:4      | Reached skill level 6 in Maces & Flails
  3981 | D:5      | Entered Level 5 of the Dungeon
  4277 | D:4      | Reached XP level 6. HP: 30/35 MP: 6/6
  4486 | D:5      | Noticed an ice beast
  4489 | D:5      | Noticed an ice beast
  4496 | D:5      | Reached skill level 7 in Maces & Flails
  4514 | D:5      | Killed an ice beast
  4523 | D:5      | Killed an ice beast
  4523 | D:5      | Reached skill level 8 in Maces & Flails
  4523 | D:5      | Reached XP level 7. HP: 28/40 MP: 7/7
  4772 | D:5      | Found a runed translucent door.
  4773 | D:5      | Noticed Crazy Yiuf
  4868 | D:5      | Killed Crazy Yiuf
  5011 | D:5      | Found a burning altar of Makhleb.
  5081 | D:6      | Found a staircase to the Ecumenical Temple.
  5101 | Temple   | Entered the Ecumenical Temple
  5145 | Temple   | Became a worshipper of Warmaster Okawaru
  5359 | D:6      | You fall into a shaft and drop 3 floors!
  5381 | D:9      | Noticed Grum
  5388 | D:9      | Noticed a hippogriff
  5402 | D:9      | Noticed a hippogriff
  5435 | D:8      | Reached skill level 9 in Maces & Flails
  5439 | D:8      | Reached XP level 8. HP: 20/44 MP: 5/8
  5684 | D:8      | Noticed Psyche
  5724 | D:8      | Killed Psyche
  5724 | D:8      | Reached * piety under Okawaru
  5724 | D:8      | Reached skill level 10 in Maces & Flails
  5786 | D:8      | Reached skill level 11 in Maces & Flails
  5849 | D:8      | Reached ** piety under Okawaru
  5858 | D:8      | Reached XP level 9. HP: 33/48 MP: 9/9
  6050 | D:8      | Reached skill level 12 in Maces & Flails
  6954 | D:6      | Noticed Eustachio
  7023 | D:6      | Killed Eustachio
  7023 | D:6      | Reached *** piety under Okawaru
  7400 | D:7      | Reached skill level 13 in Maces & Flails
  7590 | D:7      | Reached XP level 10. HP: 46/58 MP: 10/10
  7869 | D:7      | Reached skill level 5 in Fighting
  8127 | D:7      | Noticed Harold
  8143 | D:7      | Killed Harold
  8143 | D:7      | Reached **** piety under Okawaru
  9134 | D:8      | Reached skill level 14 in Maces & Flails
  9439 | D:9      | Reached ***** piety under Okawaru
  9445 | D:9      | Killed Grum
  9578 | D:9      | Reached XP level 11. HP: 48/69 MP: 11/11
 10029 | D:9      | Found a blossoming altar of Fedhas.
 10103 | D:10     | Entered Level 10 of the Dungeon
 10103 | D:10     | Found a staircase to the Orcish Mines.
 10158 | D:10     | Killed an unseen horror
 10267 | D:10     | Paralysed by fainting for 10 turns
 10318 | D:10     | You fall into a shaft and drop 1 floor!
 10319 | D:11     | Noticed a cyclops
 10337 | D:11     | Found a runed translucent gate.
 10337 | D:11     | Found a runed translucent gate.
 10338 | D:11     | Found a runed translucent gate.
 10339 | D:11     | Noticed Motwaexy's ghost (journeyman OgWz)
 10339 | D:11     | Noticed a purple ugly thing
 10347 | D:11     | Noticed a manticore
 10375 | D:12     | Noticed a deep elf archer
 10376 | D:12     | Noticed a manticore
 10598 | D:10     | Received a gift from Okawaru
 10807 | D:10     | Found an ancient bone altar of Kikubaaqudgha.
 11381 | D:11     | Noticed a cyclops
 11395 | D:11     | Killed a manticore
 11398 | D:11     | Reached skill level 15 in Maces & Flails
 11435 | D:11     | Killed a cyclops
 11438 | D:11     | Killed a cyclops
 11438 | D:11     | Reached skill level 5 in Armour
 12416 | D:11     | Killed a purple ugly thing
 12815 | D:11     | Found a roughly hewn altar of Beogh.
 12854 | D:11     | Reached XP level 12. HP: 73/76 MP: 12/12
 12874 | D:11     | Found a staircase to the Lair.
 12889 | Lair:1   | Entered Level 1 of the Lair of Beasts
 12912 | Lair:1   | Got a shimmering long sword
 12915 | Lair:1   | Identified the +9 long sword of Nubiumpeodgh {slice, rElec
                  | rPois} (You found it on level 1 of the Lair of Beasts)
 13077 | Lair:1   | Reached skill level 1 in Shields
 13223 | Lair:1   | Received a gift from Okawaru
 13508 | Lair:1   | You fall into a shaft and drop 1 floor!
 13509 | Lair:2   | Noticed a six-headed hydra
 14578 | Lair:1   | Reached skill level 5 in Shields
 14620 | Lair:1   | Reached skill level 16 in Maces & Flails
 14963 | Lair:1   | Noticed a six-headed hydra
 14970 | Lair:1   | Killed a six-headed hydra
 15431 | Lair:2   | Killed a six-headed hydra
 15610 | Lair:1   | Reached ****** piety under Okawaru
 16124 | Lair:2   | Reached XP level 13. HP: 56/80 MP: 13/13
 16384 | Lair:2   | Received a gift from Okawaru
 16872 | Lair:2   | Reached skill level 10 in Shields
 17148 | Lair:3   | Found a staircase to the Shoals.
 17165 | Lair:3   | Received a gift from Okawaru
 17166 | Lair:3   | Got a transparent double sword {god gift}
 17167 | Lair:3   | Identified the +10 double sword "Tormentor" {elec, rPois
                  | Str+8 Dex-5} (Okawaru gifted it to you on level 3 of the
                  | Lair of Beasts)
 17203 | Lair:3   | Found a staircase to the Snake Pit.
 18670 | Lair:4   | Reached skill level 17 in Maces & Flails
 19884 | Lair:5   | Received a gift from Okawaru
 19885 | Lair:5   | Got a dazzling plate armour {god gift}
 19890 | Lair:5   | Identified the +8 plate armour "Qeefeoka" {-Cast +Inv rF+
                  | rC+} (Okawaru gifted it to you on level 5 of the Lair of
                  | Beasts)
 20124 | Lair:5   | Found a staircase to the Slime Pits.
 20191 | Lair:5   | You fall into a shaft and drop 1 floor!
 20191 | Lair:6   | Entered Level 6 of the Lair of Beasts
 20216 | Lair:6   | Gained mutation: Your large and strong wings let you fly
                  | indefinitely. [Gargoyle growth]
 20216 | Lair:6   | Reached XP level 14. HP: 74/86 MP: 14/14
 22106 | Lair:6   | Received a gift from Okawaru
 22457 | Lair:6   | Reached skill level 15 in Shields
 22477 | Lair:6   | Reached skill level 18 in Maces & Flails
 22517 | Lair:6   | Reached XP level 15. HP: 48/90 MP: 15/15
 22696 | Lair:6   | Got a pitted marble ring
 22700 | Lair:6   | Identified the ring "Utisoit" {Wiz rElec rC+ Slay+3} (You
                  | found it on level 6 of the Lair of Beasts)
 23339 | D:11     | Killed Motwaexy's ghost
 23973 | D:12     | Noticed Nessos
 23998 | D:12     | Killed Nessos
 24192 | D:12     | Received a gift from Okawaru
 24228 | D:12     | Identified a scroll of acquirement
 24593 | D:13     | Found Hesaod's Weapon Boutique.
 24654 | D:13     | Noticed Jorgrun
 24687 | D:13     | Killed Jorgrun
 24944 | D:13     | Found a gate to the Vaults.
 25037 | D:13     | Reached skill level 10 in Fighting
 25533 | Orc:1    | Entered Level 1 of the Orcish Mines
 25813 | Orc:1    | You are sucked into a shaft and drop 1 floor!
 25813 | Orc:2    | Entered Level 2 of the Orcish Mines
 26180 | Orc:2    | Noticed Maurice
 26208 | Orc:2    | Killed Maurice
 26208 | Orc:2    | Received a gift from Okawaru
 26258 | Orc:2    | Found a staircase to the Elven Halls.
 27396 | Orc:2    | Reached XP level 16. HP: 75/100 MP: 16/16
 27694 | Orc:2    | Found Guaj Wuo's Antique Armour Emporium.
 27694 | Orc:2    | Found Ruch's Armour Shop.
 27696 | Orc:2    | Found Sirrach's Antique Armour Shop.
 27696 | Orc:2    | Found Rukuef's Weapon Emporium.
 28025 | Snake:1  | Entered Level 1 of the Snake Pit
 28075 | Snake:1  | Found Qejuc's General Store.
 28311 | Snake:1  | Reached skill level 19 in Maces & Flails
 28485 | Snake:1  | Found Nemiurr's Book Boutique.
 28850 | Snake:1  | Received a gift from Okawaru
 30012 | Snake:3  | Noticed Nikola
 30024 | Snake:3  | Noticed Asterion
 30136 | Snake:3  | Killed Asterion
 30150 | Snake:3  | Killed from afar by Nikola

Levels and vault maps discovered:
D:1:      shiori_shiawase, layout_basic, tso_altar
D:2:      layout_rooms, glass_columns_c
D:3:      layout_basic, fountainhead
D:4:      layout_layer_cave
D:5:      layout_basic, first_ration, makhleb_blood_cavern_becter,
          uniq_crazy_yiuf_cottage
D:6:      layout_basic, minmay_temple_entry_trees, minmay_circle_x,
          uniq_eustachio
D:7:      layout_loops_ring, uniq_harold
D:8:      layout_loops_cross, uniq_psyche
D:9:      layout_big_octagon, marbit_many_paths, david_nohive_1, uniq_grum
D:10:     layout_long_grid, orc_0_dummy, basic_altar
D:11:     layout_loops_ring, erik_lair_orcish_takeover,
          biasface_ghost_orc_armoury, nrook_mini_backslash
D:12:     minmay_bloctagon, layout_irregular_city,
          portal_ice_cave_entry_pillars_1, serial_column_ruins,
          column_ruins_hut_ruined, column_ruins_courtyard_long,
          column_ruins_open_tiny, column_ruins_columns_corner,
          column_ruins_columns_corner, column_ruins_open_tiny, minivault_15,
          uniq_nessos
D:13:     layout_small_grid, erik_vaults_2, serial_shops, kennysheep_little_box,
          special_room [special_room_orc], uniq_jorgrun
Temple:   compressed_dpeg_circular_temple
Lair:1:   kb_forest_paths, layout_gridlike, serial_bayou_crossing
Lair:2:   layout_big_grid, grunt_megastairs_2
Lair:3:   layout_regular_city, elwin_shoals_entry_stream, dummy_snake_entry,
          grunt_megastairs_3
Lair:4:   layout_hall_layers
Lair:5:   layout_loops_ring, minmay_slime_entry_pillars,
          minmay_lair_oklob_chamber, lemuel_fruit_fields
Lair:6:   hangedman_lair_caniforms_friends, layout_loops_ring,
          hangedman_lair_in_review
Snake:1:  layout_cave_pods, serial_shops, nicolae_shop_statue_plus,
          minmay_shop_star, serial_bayou_shore_a
Snake:2:  layout_basic, st_stairs_9, grunt_ministairs_15
Snake:3:  layout_misc_corridors, nrook_guardian_serpent_double, uniq_asterion,
          uniq_nikola
Orc:1:    layout_caves
Orc:2:    grunt_orc_tribal_feast, layout_diamond_mine, uniq_maurice

Skill      XL: |  1  2  3  4  5  6  7  8  9 10 11 12 13 14 15 16 |
---------------+-------------------------------------------------+-----
Maces & Flails | 4 5 6 8 9 11 13 14 15 16 17 18 19 | 19.4
Fighting       | 4 8 9 11 12 | 12.6
Armour         | 6 7 8 |  8.5
Shields        | 8 12 15 16 | 16.5
Throwing       | |  1.7
Dodging        | |  2.4

Action                   |  1- 3 |  4- 6 |  7- 9 | 10-12 | 13-15 | 16-18 || total
-------------------------+-------+-------+-------+-------+-------+-------++-------
Melee: Flail             |   165 |   275 |   437 |   561 |       |       ||  1438
       Morningstar       |       |       |       |   499 |  1567 |       ||  2066
       Demon whip        |       |       |       |       |   560 |   397 ||   957
Throw: Throwing net      |       |       |     5 |     3 |       |       ||     8
       Javelin           |       |       |     1 |       |       |       ||     1
Invok: Heroism           |       |       |       |       |       |     1 ||     1
       Finesse           |       |       |       |       |       |     1 ||     1
 Abil: Fly               |       |       |       |       |     1 |       ||     1
Evoke: Wand              |       |       |       |    12 |       |     1 ||    13
  Use: Potion            |       |     1 |     8 |     3 |     3 |       ||    15
       Scroll            |       |       |    11 |     7 |    12 |     2 ||    32
 Stab: Held in net/web   |       |       |     2 |     2 |       |       ||     4
       Distracted        |       |       |       |     1 |       |       ||     1
       Invisible         |       |       |       |       |     6 |       ||     6
  Eat: Chunk             |     2 |    10 |    10 |    27 |    37 |     6 ||    92
       Ration            |       |       |       |     2 |     1 |     1 ||     4
Armor: Leather armour    |   124 |   110 |   212 |   445 |   152 |       ||  1043
       Skin              |       |    21 |       |       |       |       ||    21
       Plate armour      |       |       |       |       |   699 |   117 ||   816
Dodge: Dodged            |   171 |   169 |   390 |   727 |   636 |    60 ||  2153
Block: Buckler           |       |       |       |    28 |    53 |       ||    81
       Shield            |       |       |       |       |  1173 |   199 ||  1372
